 Dungeon Crawl Stone Soup version 0.24-a0-217-g1152973 (webtiles) character file.

Game seed: 3912383468970497683

811 xeno23 the Covert (level 7, 0/47 HPs)
             Began as an Octopode Assassin on Mar 29, 2019.
             Was a Follower of Uskayaw.
             Hit by a tomahawk thrown by an orc (8 damage)
             ... on level 5 of the Dungeon.
             The game lasted 00:15:19 (3520 turns).

xeno23 the Covert (Octopode Assassin)               Turns: 3520, Time: 00:15:20

Health: 0/47       AC:  1    Str: 11    XL:     7   Next: 93%
Magic:  7/7        EV: 14    Int: 13    God:    Uskayaw [*.....]
Gold:   174        SH:  0    Dex: 15    Spells: 6/6 levels left

rFire    . . .     SeeInvis .   d - +0 hunting sling
rCold    . . .     Gourm    .   (no shield)
rNeg     . . .     Faith    .   (helmet restricted)
rPois    .         Spirit   .   n - amulet of magic regeneration
rElec    .         Reflect  .   s - ring of stealth
rCorr    .         Harm     .   (no ring)
MR       .....                  (no ring)
Stlth    ++++++....             (no ring)
HPRegen  0.15/turn              (no ring)
MPRegen  0.35/turn              (no ring)
                                (no ring)
                                (no ring)

@: no status effects
A: almost no armour, stealthy swim, amphibious, 8 rings, constrict 8, camouflage
1, gelatinous body 1
a: Stomp, Renounce Religion


You were on level 5 of the Dungeon.
You worshipped Uskayaw.
Uskayaw was noncommittal.
You were not hungry.

You visited 2 branches of the dungeon, and saw 6 of its levels.

You collected 174 gold pieces.

Inventory:

Hand Weapons
 a - a +2 dagger
 b - a +0 blowgun
 d - a +0 hunting sling (weapon)
Missiles
 c - 25 sling bullets (quivered)
 e - 8 poisoned needles
 i - 2 curare-tipped needles
 t - 4 silver javelins
Armour
 k - a +0 shield
Jewellery
 n - an amulet of magic regeneration (around mantle)
 s - a ring of stealth (left tentacle)
Scrolls
 g - 2 scrolls of teleportation
 j - 2 scrolls of amnesia {unknown}
 q - a scroll of fear {unknown}
Potions
 h - a potion of magic {unknown}
 l - a potion of heal wounds {unknown}
 m - a potion of agility {unknown}
 o - a potion of brilliance {unknown}
 r - a potion of curing {unknown}
Comestibles
 f - 5 rations
 p - 2 chunks of flesh


   Skills:
 + Level 3.7 Fighting
 * Level 5.3 Short Blades
 - Level 2.0 Throwing
 + Level 3.3 Dodging
 * Level 8.8 Stealth
 + Level 1.1 Invocations


You had 6 spell levels left.
You didn't know any spells.
Your spell library was empty.

Dungeon Overview and Level Annotations

Branches:
Dungeon (5/15)             Temple (1/1) D:4

Altars:
Dithmenos
Fedhas
Gozag
Makhleb
Nemelex Xobeh
Okawaru
Qazlal
Ru
Sif Muna
Uskayaw
Vehumet
Wu Jian
Xom
Yredelemnul
Zin


Innate Abilities, Weirdness & Mutations

You cannot wear most types of armour.
You are very stealthy in the water. (Stealth+)
You are amphibious.
You can wear up to eight rings at the same time.
You can use your tentacles to constrict eight enemies at once.
Your skin changes colour to match your surroundings (Stealth+).
Your rubbery body absorbs attacks. (AC +1, EV +1)


Message History

Firing (i - inventory. (/) - cycle)
c - 28 sling bullets (quivered)
Press: ? - help, Shift-Dir - straight line, f/p - orc
Aim: an orc, wielding a +0 club and wearing a +0 leather armour You shoot a sling bullet.
The sling bullet hits the orc.
The orc is almost dead.
The orc throws a tomahawk.
The tomahawk hits you.
* * * LOW HITPOINT WARNING * * *
You take 5 damage.
Firing (i - inventory. (/) - cycle)
c - 27 sling bullets (quivered)
Press: ? - help, Shift-Dir - straight line, f/p - orc
Aim: an orc, wielding a +0 club and wearing a +0 leather armour (almost dead)
You shoot a sling bullet. The sling bullet hits the orc.
You kill the orc!
Firing (i - inventory. (/) - cycle)
c - 26 sling bullets (quivered)
Press: ? - help, Shift-Dir - straight line, f - orc
Aim: an orc, wielding a +3 morningstar You shoot a sling bullet.
The sling bullet hits the orc but does no damage.
The orc throws a tomahawk.
The tomahawk hits you!
You die...

#...o#.#...# #....#
###....).#..####....#
#............##.....#
#..#......(........##
#...##.......o....#####
#..# ##...........#....
#...
##.......(......... ..
..#........(.....##..
..........@....#>..
#.##.................
## ##..[).##(...#.... .
###...)...).###....
..###.....##.>.## ..
>.......###....#
...#....# ##......
#...†.###.........
..#.........##......


You could see an orc.

Vanquished Creatures
  An orc warrior (D:5)
  2 ogres
  A scorpion (D:4)
  2 hounds
  An orc wizard (D:5)
  2 orc priests
  An iguana (D:5)
  3 worker ants (D:4)
  4 gnolls (D:2)
  9 adders
  4 worms
  7 dart slugs
  4 leopard geckos
  14 orcs
  3 giant cockroaches
  9 goblins
  13 hobgoblins
  8 jackals
  2 ball pythons
  3 bats
  4 frilled lizards (D:2)
  4 kobolds
  6 rats
107 creatures vanquished.

Vanquished Creatures (others)
  A quokka (D:5)
1 creature vanquished.

Grand Total: 108 creatures vanquished

Notes
Turn   | Place    | Note
-------+----------+-------------------------------------------
     0 | D:1      | xeno23 the Octopode Assassin began the quest for the Orb.
     0 | D:1      | Reached XP level 1. HP: 14/14 MP: 1/1
   172 | D:1      | Reached XP level 2. HP: 14/19 MP: 2/2
   282 | D:1      | Reached XP level 3. HP: 19/24 MP: 3/3
   567 | D:1      | Reached skill level 6 in Stealth
  1174 | D:2      | Reached XP level 4. HP: 30/30 MP: 4/4
  1191 | D:2      | Found a deep blue altar of Sif Muna.
  1716 | D:2      | Reached XP level 5. HP: 35/35 MP: 5/5
  2209 | D:3      | Reached skill level 7 in Stealth
  2562 | D:4      | Reached XP level 6. HP: 42/42 MP: 6/6
  3105 | D:4      | Reached skill level 8 in Stealth
  3105 | D:4      | Reached XP level 7. HP: 46/46 MP: 7/7
  3155 | D:4      | Found a staircase to the Ecumenical Temple.
  3171 | Temple   | Entered the Ecumenical Temple
  3254 | Temple   | Became a worshipper of Uskayaw the Reveler
  3283 | D:4      | Reached * piety under Uskayaw
  3368 | D:5      | Entered Level 5 of the Dungeon
  3399 | D:5      | Reached ** piety under Uskayaw
  3401 | D:5      | Reached *** piety under Uskayaw
  3446 | D:5      | Reached skill level 5 in Short Blades
  3504 | D:5      | Reached skill level 1 in Invocations
  3520 | D:5      | Hit by a tomahawk thrown by an orc

Levels and vault maps discovered:
D:1:      saegor_arrival_simple_e, layout_loops_corners, minmay_box_of_dots
D:2:      layout_loops_ring, lemuel_crystal_altar
D:3:      layout_loops_ring
D:4:      layout_cave_pools, minmay_temple_entry_overgrown
D:5:      layout_cave_pools, kennysheep_mini, elyvilon_altar_4,
          old_standard_altar, first_ration, nicolae_dithmenos_shadow_blocks,
          uniq_eustachio
Temple:   nicolae_temple_great_sept

Skill      XL: |  1  2  3  4  5  6  7 |
---------------+----------------------+-----
Stealth        | 6 7 8 |  8.8
Short Blades   | 3 4 5 |  5.3
Dodging        | 2 3 |  3.3
Fighting       | 3 |  3.7
Invocations    | 1 |  1.1
Throwing       | |  2.0

Action                   |  1- 3 |  4- 6 |  7- 9 || total
-------------------------+-------+-------+-------++-------
Melee: Dagger            |    57 |   107 |    31 ||   195
       Constrict         |    15 |    30 |     7 ||    52
       Tentacles         |    12 |    22 |     7 ||    41
 Fire: Blowgun           |     1 |    27 |    12 ||    40
       Hunting sling     |       |       |     4 ||     4
Invok: Stomp             |       |       |     1 ||     1
  Use: Scroll            |       |     1 |       ||     1
 Stab: Sleeping          |    14 |    14 |     2 ||    30
       Paralysed         |       |       |     3 ||     3
       Distracted        |       |       |     1 ||     1
  Eat: Chunk             |     1 |     6 |     1 ||     8
Armor: Skin              |     3 |     6 |       ||     9
Dodge: Dodged            |    20 |    46 |    16 ||    82

Table legend:
 A = Non-vault XP
 B = Vault XP
 C = Vault XP percentage of total XP
 D = Non-vault monster count
 E = Vault monster count
 F = Vault count percentage of total count
                 A         B        C        D         E       F
            +---------+---------+-------+---------+---------+-------
      Total |    1155 |       4 |   0.3 |     104 |       3 |   2.8
            +---------+---------+-------+---------+---------+-------
        D:1 |      55 |       4 |   6.8 |      23 |       3 |  11.5
        D:2 |     148 |       0 |   0.0 |      30 |       0 |   0.0
        D:3 |      94 |       0 |   0.0 |      21 |       0 |   0.0
        D:4 |     411 |       0 |   0.0 |      15 |       0 |   0.0
        D:5 |     447 |       0 |   0.0 |      15 |       0 |   0.0
            +---------+---------+-------+---------+---------+-------
